AoeStats
← ThunderboltX

Arabia

509855227Analyzed
1v1 RM · 5d ago on Sep 28, 2026· 34m 1s· 2 players
Game mode
Random Map
Map size
Tiny (2 player)
Population
200
Speed
Normal
Resources
Standard
Victory
Conquest
Starting age
Dark Age
Ending age
Imperial Age
RankedLock teamsTeams togetherTeam positionsShared explorationLock speedFull tech treeHidden civsTurbo modeCheats
Victory
Defeat
🇧🇬 Sicilians · Bulgaria
2360
+4
🇨🇱 Spanish · Chile
2022
-4
LLaRLLi
7:04 Loom
9:36 Feudal Age
10:15 Double-Bit Axe
16:20 Wheelbarrow
21:00 Castle Age
19:15 Fletching
19:31 Gold Mining
21:27 Padded Archer Armor
23:19 Bodkin Arrow
24:50 Bloodlines
26:42 Bow Saw
ThunderboltX
5:57 Loom
8:23 Feudal Age
7:11 Loom
9:09 Double-Bit Axe
9:36 Horse Collar
19:33 Castle Age
18:41 Bloodlines
18:31 Fletching
18:41 Padded Archer Armor
20:25 Bow Saw
20:30 Bodkin Arrow
21:03 Husbandry
23:44 Wheelbarrow
25:35 Hand Cart
26:19 Town Watch
29:12 Leather Archer Armor
31:41 Ballistics
32:44 Gold Mining
32:44 Stone Mining
36:27 Imperial Age
Connection lost

Rejoining the realm…

Still unreachable

The connection could not be restored.

Session expired

The server has moved on; the page needs a fresh start.